 Dungeon Crawl Stone Soup version 0.29-a0-334-gb41bcbb86e (webtiles) character file.

Game seed: 4688994122447194522

380 zeratav the Conjurer (level 6, -6/36 HPs)
             Began as an Octopode Conjurer on Apr 15, 2022.
             Killed from afar by Blork the orc (8 damage)
             ... with a puff of frost
             ... on level 4 of the Dungeon.
             The game lasted 00:08:40 (4851 turns).

zeratav the Conjurer (Octopode Conjurer)            Turns: 4851, Time: 00:08:41

Health: -6/36      AC:  1    Str:  7    XL:     6   Next: 75%
Magic:  0/11       EV: 13    Int: 22    God:
Gold:   215        SH:  5    Dex: 10    Spells: 9/12 levels left

rFire   . . .      SeeInvis .   b - +0 dagger (venom) {short}
rCold   . . .      Faith    .   (no shield)
rNeg    . . .      Spirit   .   (helmet restricted)
rPois   .          Reflect  +   c - amulet of reflection
rElec   .          Harm     .   (no ring)
rCorr   .          Rampage  .   (no ring)
Will    .....                   (no ring)
Stlth   +++.......              (no ring)
HPRegen 0.12/turn               (no ring)
MPRegen 0.12/turn               (no ring)
                                (no ring)
                                (no ring)

@: no status effects
A: almost no armour, amphibious, 8 rings, camouflage 1, gelatinous body 1,
(nimble swimmer 1), tentacles
a: no special abilities


You were on level 4 of the Dungeon.
You visited 1 branch of the dungeon, and saw 4 of its levels.

You collected 215 gold pieces.


Innate Abilities, Weirdness & Mutations

You cannot wear most types of armour.
You are amphibious.
You can wear up to eight rings at the same time.
Your skin changes colour to match your surroundings (Stealth+).
Your rubbery body absorbs attacks. (AC +1, EV +1)
((You are camouflaged when in or above water. (Stealth+)))
You have tentacles for arms and can constrict up to eight enemies at once.


   Skills:
 - Level 2.0 Dodging
 - Level 2.6 Stealth
 + Level 3.6 Spellcasting
 * Level 7.0 Conjurations


You had 9 spell levels left.
You knew the following spells:

 Your Spells              Type           Power      Damage    Failure   Level
a - Magic Dart            Conj           100%       1d8       1%          1
b - Searing Ray           Conj           70%        2d7       1%          2

Your spell library contained the following spells:

 Spells                   Type           Power      Damage    Failure   Level
 Dazzling Flash           Conj/Hex       38%        N/A       9%          3
 Slow                     Hex            16%        N/A       12%         1
 Corpse Rot               Necr/Air       8%         N/A       19%         2
 Poisonous Vapours        Pois/Air       8%         N/A       19%         2
 Fulminant Prism          Conj/Hex       9%         3d7       26%         4
 Iskenderun's Mystic Bla  Conj/Tloc      19%        2d6       26%         4
 Confusing Touch          Hex            4%         N/A       34%         3
 Frozen Ramparts          Ice            8%         1d2       34%         3
 Vampiric Draining        Necr           4%         2d6       34%         3
 Ice Form                 Ice/Tmut       4%         N/A       75%         4
 Summon Ice Beast         Ice/Summ       4%         N/A       75%         4

Inventory:

Hand Weapons
 b - a +0 dagger of venom (weapon) {short}
   (You took it off a kobold on level 1 of the Dungeon)
 p - the +6 scimitar "Bunilom" {drain, Str-4 Dex+6, long}
   (You found it on level 3 of the Dungeon)

   A truly terrible weapon, it drains the life of any living foe it strikes.
   Str:       It affects your strength (-4).
   Dex:       It affects your dexterity (+6).
Jewellery
 c - an amulet of reflection (around mantle)
   (You found it on level 1 of the Dungeon)
 f - a ring of fire
   (You found it on level 1 of the Dungeon)
Wands
 o - a wand of iceblast (13)
   (You took it off Ijyb on level 3 of the Dungeon)
Scrolls
 g - 2 scrolls of fear {unknown}
 h - a scroll of immolation {unknown}
 i - 3 scrolls of identify {unknown}
 l - 3 scrolls of teleportation {unknown}
 q - a scroll of summoning {unknown}
 s - a scroll of blinking {unknown}
 t - a scroll of magic mapping {unknown}
 u - a scroll of noise {unknown}
 w - a scroll of enchant armour {unknown}
 x - a scroll of holy word {unknown}
Potions
 a - a potion of magic
 d - 4 potions of curing {unknown}
 e - a potion of degeneration {unknown}
 j - a potion of mutation {unknown}
 k - 2 potions of heal wounds {unknown}
 m - a potion of attraction {unknown}
 n - a potion of invisibility {unknown}
 r - a potion of lignification {unknown}
 v - a potion of ambrosia {unknown}

Dungeon Overview and Level Annotations

Branches:
Dungeon (4/15)
 Temple: D:4-7

Altars:
The Shining One

Shops:
D:4 !

Annotations:
D:2 Sigmund
D:4 Blork the orc

#...K.....#....#..
#######)...#....#..
#..................
#..................
#...o..#####.......
#......#####.#..#..
#......##.##.##.#..
#...............#..
#.@###..#.......#..
#..................
#.###..............
#..................
####.........#.....
#..........#.....
#.....#..........
###.....#...##...#.
#..................


You could see Blork the orc (fast).


Message History

You open the door.
Found an escape hatch in the ceiling.
Casting: Searing Ray (safe; 1% risk of failure)
Confirm with . or Enter, or press ? or * to list all spells.
You can't see any susceptible monsters within range! (Use Z to cast anyway.) Unknown command.
A kobold comes into view. It is wielding a +0 club.
Blork the orc casts a cantrip, but nothing happens.
Casting: Searing Ray (safe; 1% risk of failure)
Confirm with . or Enter, or press ? or * to list all spells.
Aiming: Searing Ray (safe; 1% risk of failure)
Press: ? - help, Shift-Dir - straight line, f - Blork the orc
Aim: Blork the orc, wielding a +0 glaive and wearing a +2 robe of fire resistance (83% to hit)
The searing ray hits Blork the orc but does no damage. (Press . to maintain the ray.) Blork the orc begins to cast a cantrip, but forgets the words!
MP[-2]
You lost 2 mp, and now have 9/11 mp.
Casting: Searing Ray (safe; 1% risk of failure)
Confirm with . or Enter, or press ? or * to list all spells.
Restarting spell: Searing Ray (safe; 1% risk of failure)
Press: ? - help, Shift-Dir - straight line, f/p - Blork the orc
Aim: Blork the orc, wielding a +0 glaive and wearing a +2 robe of fire resistance (83% to hit)
The searing ray hits Blork the orc. (Press . to maintain the ray.)
The kobold shouts!
Blork the orc points at you and mumbles some strange words.
The puff of frost hits you.
HP[-6] MP[-2]
You take 6 damage, and now have 30/36 hp.
You lost 2 mp, and now have 7/11 mp.
Casting: Searing Ray (safe; 1% risk of failure)
Confirm with . or Enter, or press ? or * to list all spells.
Restarting spell: Searing Ray (safe; 1% risk of failure)
Press: ? - help, Shift-Dir - straight line, f/p - Blork the orc
Aim: Blork the orc, wielding a +0 glaive and wearing a +2 robe of fire resistance (lightly wounded, 83% to hit)
The searing ray hits Blork the orc. (Press . to maintain the ray.) MP[-2]
You lost 2 mp, and now have 5/11 mp.
Casting: Searing Ray (safe; 1% risk of failure)
Confirm with . or Enter, or press ? or * to list all spells.
Aiming: Searing Ray (safe; 1% risk of failure)
Press: ? - help, Shift-Dir - straight line, f/p - Blork the orc
Aim: Blork the orc, wielding a +0 glaive and wearing a +2 robe of fire resistance (moderately wounded, 83% to hit)
The searing ray hits the kobold!
You kill the kobold!
The searing ray hits Blork the orc. (Press . to maintain the ray.) Blork the orc mumbles some strange words.
Blork the orc seems to speed up.
HP[+1] MP[-2]
You lost 2 mp, and now have 3/11 mp.
Casting: Searing Ray (safe; 1% risk of failure)
Confirm with . or Enter, or press ? or * to list all spells.
Restarting spell: Searing Ray (safe; 1% risk of failure)
Press: ? - help, Shift-Dir - straight line, f/p - Blork the orc
Aim: Blork the orc, wielding a +0 glaive and wearing a +2 robe of fire resistance (heavily wounded, fast, 83% to hit)
The searing ray hits Blork the orc! (Press . to maintain the ray.) Blork the orc begins to cast a cantrip, but forgets the words!
MP[-2]
You lost 2 mp, and now have 1/11 mp.
Casting: Searing Ray (safe; 1% risk of failure)
Confirm with . or Enter, or press ? or * to list all spells.
Aiming: Magic Dart (safe; 1% risk of failure)
Press: ? - help, Shift-Dir - straight line, f/p - Blork the orc
Aim: Blork the orc, wielding a +0 glaive and wearing a +2 robe of fire resistance (almost dead, fast, 100% to hit)
The magic dart hits Blork the orc.
Blork the orc gestures at you while chanting.
The magic dart hits you.
HP[-6]
You take 6 damage, and now have 25/36 hp.
Casting: Magic Dart (safe; 1% risk of failure)
Confirm with . or Enter, or press ? or * to list all spells.
Aiming: Magic Dart (safe; 1% risk of failure)
Press: ? - help, Shift-Dir - straight line, f/p - Blork the orc
Aim: Blork the orc, wielding a +0 glaive and wearing a +2 robe of fire resistance (almost dead, fast, 100% to hit)
The magic dart hits Blork the orc but does no damage.
Blork the orc points at you and mumbles some strange words.
The magic dart hits you!
* * * LOW HITPOINT WARNING * * *
Blork the orc misses you.
HP[-7] MP[-1]
You take 7 damage, and now have 18/36 hp.
You lost 1 mp, and now have 0/11 mp.
Blork the orc points at you and mumbles some strange words.
The magic dart hits you!
* * * LOW HITPOINT WARNING * * *
HP[-7]
You take 7 damage, and now have 11/36 hp.
Blork the orc gestures at you while chanting.
The magic dart hits you!
* * * LOW HITPOINT WARNING * * *
HP[-9]
You take 9 damage, and now have 2/36 hp.
MASSIVE DAMAGE!! (PAUSE) Blork the orc points at you and mumbles some strange words.
The puff of frost hits you!
You die...

Skill      XL: |  1  2  3  4  5  6 |
---------------+-------------------+-----
Conjurations   | 5 6 7 |  7.0
Spellcasting   | 3 |  3.6
Dodging        | |  2.0
Stealth        | |  2.6

Action                   |  1- 3 |  4- 6 || total
-------------------------+-------+-------++-------
Melee: Dagger            |    21 |    15 ||    36
       Tentacles         |     4 |     7 ||    11
       Constrict         |     6 |     4 ||    10
 Cast: Magic Dart        |    49 |    87 ||   136
       Searing Ray       |     3 |    20 ||    23
Armor: Skin              |     2 |       ||     2
Dodge: Dodged            |    14 |     9 ||    23
Block: Other             |     2 |     9 ||    11
       Reflection        |       |     1 ||     1

Levels and vault maps discovered:
D:1:      eino_arrival_cavern_b, layout_loops_ring
D:2:      layout_loops_ring, ebering_ecumenical_altar_sacrificial, basic_altar,
          uniq_sigmund, uniq_natasha
D:3:      layout_loops_ring, uniq_ijyb
D:4:      layout_basic, serial_shops, nicolae_shop_statue_plus, minivault_26,
          st_stairs_2, minmay_misc_feat_pillars, uniq_blork_the_orc

Notes
Turn   | Place    | Note
-------+----------+-------------------------------------------
     0 | D:1      | zeratav the Octopode Conjurer began the quest for the Orb.
     0 | D:1      | Reached XP level 1. HP: 11/11 MP: 3/3
     0 | D:1      | magus.rc [v1.9.6]
   186 | D:1      | Reached XP level 2. HP: 17/17 MP: 0/5
   348 | D:1      | You pick up a book of Vapours and begin reading...
   348 | D:1      | You add the spells Poisonous Vapours and Corpse Rot to your
                  | library.
   912 | D:1      | Reached XP level 3. HP: 12/21 MP: 0/6
  1318 | D:2      | Learned a level 2 spell: Searing Ray
  1323 | D:2      | You pick up a book of Debilitation and begin reading...
  1323 | D:2      | You add the spells Slow, Vampiric Draining and Confusing
                  | Touch to your library.
  1370 | D:2      | Found a glowing golden altar of the Shining One.
  1414 | D:2      | Reached skill level 5 in Conjurations
  1536 | D:2      | Noticed Natasha
  1547 | D:2      | Killed Natasha
  1604 | D:2      | Noticed Natasha
  1621 | D:2      | Killed Natasha
  1622 | D:2      | Reached XP level 4. HP: 20/27 MP: 0/7
  1799 | D:2      | Noticed Natasha
  1804 | D:2      | Killed Natasha
  2108 | D:2      | Found a faded altar of an unknown god.
  2265 | D:2      | Reached XP level 5. HP: 31/31 MP: 4/9
  2309 | D:2      | Noticed Sigmund
  2509 | D:3      | Noticed Ijyb
  2518 | D:3      | HP: 4/31 [Ijyb/+0 dagger (9)]
  2519 | D:3      | Killed Ijyb
  2520 | D:3      | Reached skill level 6 in Conjurations
  2937 | D:3      | Identified the +6 scimitar "Bunilom" {drain, Str-4 Dex+6}
  3036 | D:3      | Reached skill level 3 in Spellcasting
  3374 | D:2      | You pick up a book of Rime and begin reading...
  3374 | D:2      | You add the spells Frozen Ramparts, Ice Form and Summon Ice
                  | Beast to your library.
  3443 | D:3      | Reached XP level 6. HP: 36/36 MP: 3/10
  4322 | D:4      | Found Xeivuug's Distillery.
  4704 | D:4      | Noticed Blork the orc
  4739 | D:4      | Reached skill level 7 in Conjurations
  4849 | D:4      | HP: 2/36 [Blork the orc/magic dart (9)]
  4851 | D:4      | Killed from afar by Blork the orc

Vanquished Creatures
  A bullfrog (D:3)
  A howler monkey (D:4)
  A hound (D:4)
  A jelly (D:4)
  Ijyb (D:3)
  Natasha (thrice) (D:2)
  An iguana (D:4)
  2 adders
  A worm (D:4)
  3 dart slugs
  4 orcs (D:4)
  8 endoplasms
  3 giant cockroaches
  7 goblins
  4 hobgoblins
  3 jackals (D:1)
  6 kobolds
  3 quokkas
  7 ball pythons
  3 bats
  3 frilled lizards
  3 rats
69 creatures vanquished.

Table legend:
 A = Non-vault XP
 B = Vault XP
 C = Vault XP percentage of total XP
 D = Non-vault monster count
 E = Vault monster count
 F = Vault count percentage of total count
                 A         B        C        D         E       F
            +---------+---------+-------+---------+---------+-------
      Total |     437 |     107 |  19.7 |      65 |       4 |   5.8
            +---------+---------+-------+---------+---------+-------
        D:1 |      35 |       0 |   0.0 |      20 |       0 |   0.0
        D:2 |      96 |      35 |  26.7 |      15 |       1 |   6.2
        D:3 |     130 |      36 |  21.7 |      15 |       1 |   6.2
        D:4 |     176 |      36 |  17.0 |      15 |       2 |  11.8
            +---------+---------+-------+---------+---------+-------

Illustrated notes

Table legend:
 A = Kills in this place as a percentage of kills in entire the game.
 B = Kills by you in this place as a percentage of kills by you in the entire game.
 C = Kills by friends in this place as a percentage of kills by friends in the entire game.
 D = Other kills in this place as a percentage of other kills in the entire game.
 E = Experience gained in this place as a percentage of experience gained in the entire game.
 F = Experience gained in this place divided by the number of levels of this place that you have seen.
                   A       B       C       D       E      F
               +-------+-------+-------+-------+-------+----------------------
         Total | 100.0 | 100.0 |   N/A |   N/A | 100.0 | 136.0
       Dungeon | 100.0 | 100.0 |   N/A |   N/A | 100.0 | 136.0
               +-------+-------+-------+-------+-------+----------------------

Table legend: (Time is in decaauts)
 A = Elapsed time spent in this place.
 B = Non-inter-level travel time spent in this place.
 C = Inter-level travel time spent in this place.
 D = Time resting spent in this place.
 E = Time spent auto-exploring this place.
 F = Levels seen in this place.
 G = Mean time per level.
                   A        B        C        D        E       F      G
               +--------+--------+--------+--------+--------+-----+--------+
         Total |   4851 |   4514 |    337 |    918 |   3154 |   4 | 1212.8 |
       Dungeon |   4851 |   4514 |    337 |    918 |   3154 |   4 | 1212.8 |
               +--------+--------+--------+--------+--------+-----+--------+

Top non-repeatable levels by time:
     D:3: 1453 daAuts
     D:1: 1313 daAuts
     D:2: 1225 daAuts
     D:4: 858 daAuts
